 Dungeon Crawl Stone Soup version 0.23-a0-677-g07611c5 (webtiles) character file.

1613 Blackhawk the Skirmisher (level 8, -1/64 HPs)
             Began as a Demonspawn Fighter on Jan 9, 2019.
             Was an Initiate of Okawaru.
             Slain by an orc warrior
             ... wielding a +1 morningstar of draining
              (6 damage)
             ... on level 6 of the Dungeon.
             The game lasted 00:08:56 (4942 turns).

Blackhawk the Skirmisher (Demonspawn Fighter)       Turns: 4942, Time: 00:08:56

Health: -1/64      AC: 14    Str: 18    XL:     8   Next: 64%
Magic:  0/17       EV:  3    Int: 13    God:    Okawaru [......]
Gold:   237        SH:  8    Dex: 12    Spells: 7/7 levels left

rFire    x . .     SeeInvis .   D - +8 spear "Hurghiets" {pierce, rF- MR+ Int+2}
rCold    + + .     Gourm    .   c - +0 shield
rNeg     . . .     Faith    .   q - +0 plate armour (curse)
rPois    .         Spirit   +   (no helmet)
rElec    .         Reflect  .   (no cloak)
rCorr    .         Harm     .   h - +1 pair of gloves
MR       +....                  y - +0 pair of boots
Stlth    ..........             (no amulet)
HPRegen  0.20/turn              n - ring of magical power
MPRegen  0.30/turn              o - ring of protection from cold

@: heavily drained
A: talons 1, cold resistance 1, demonic guardian 1, magic shield, magic
regeneration
a: Renounce Religion


You were on level 6 of the Dungeon.
You worshipped Okawaru.
Okawaru was noncommittal.
You were not hungry.

You visited 2 branches of the dungeon, and saw 7 of its levels.

You collected 237 gold pieces.

Inventory:

Hand Weapons
 a - a +0 war axe
 w - a +2 hand axe of draining
 D - the +8 spear "Hurghiets" (weapon) {pierce, rF- MR+ Int+2}
   (You found it on level 5 of the Dungeon)

   It inflicts extra damage upon your enemies.
   It affects your intelligence (+2).
   It makes you vulnerable to fire.
   It affects your resistance to hostile enchantments.
Armour
 c - a +0 shield (worn)
 h - a +1 pair of gloves (worn)
 q - a cursed +0 plate armour (worn)
 y - a +0 pair of boots (worn)
Jewellery
 n - a ring of magical power (left hand)
 o - a ring of protection from cold (right hand)
 B - an uncursed ring of magical power
Wands
 A - a wand of iceblast (6)
Scrolls
 b - a scroll of blinking {unknown}
 e - a scroll of teleportation
 i - 3 scrolls of amnesia {unknown}
 j - a scroll of fear {unknown}
 m - a scroll of immolation {unknown}
 p - 5 scrolls of identify
 s - a scroll of random uselessness {unknown}
 u - 5 scrolls of remove curse {unknown}
 z - 2 scrolls of magic mapping {unknown}
 C - a scroll of fog {unknown}
 E - 2 scrolls of enchant armour {unknown}
Potions
 d - a potion of might
 g - 2 potions of flight {unknown}
 k - 2 potions of lignification {unknown}
 l - a potion of curing {unknown}
 r - a potion of heal wounds {unknown}
 v - a potion of mutation {unknown}
 x - 2 potions of cancellation {unknown}
 F - a potion of agility {unknown}
Comestibles
 f - 16 rations


   Skills:
 + Level 5.8(2.8) Fighting
 + Level 4.8(2.0) Axes
 + Level 0.6(0.3) Polearms
 + Level 5.2(2.3) Armour
 - Level 3.7(0.9) Dodging
 + Level 5.2(2.3) Shields


You had 7 spell levels left.
You didn't know any spells.
Your spell library was empty.

Dungeon Overview and Level Annotations

Branches:
Dungeon (6/15)             Temple (1/1) D:6

Altars:
Ashenzari
Cheibriados
Dithmenos
Elyvilon
Fedhas
Gozag
Hepliaklqana
Kikubaaqudgha
Makhleb
Nemelex Xobeh
Okawaru
Qazlal
Ru
Sif Muna
Trog
Uskayaw
Vehumet
Wu Jian
Xom
Yredelemnul
Zin
The Shining One


Innate Abilities, Weirdness & Mutations

You have sharp toenails.
Your flesh is cold resistant. (rC+)
A weak demonic guardian rushes to your aid.
When hurt, damage is shared between your health and your magic reserves.
You regenerate magic rapidly.


Message History

You barely miss the orc warrior.
The orc warrior is almost dead.
You block the orc warrior's attack.
The orc priest miscasts a cantrip.
Attack whom?
Press: ? - help, Dir - move target cursor, f/p - orc warrior
Aim: an orc warrior, wielding a +1 morningstar of draining and wearing a +0 You closely miss the orc warrior.
The orc warrior is almost dead.
The orc warrior hits you but does no damage.
You feel drained.
Attack whom?
Press: ? - help, Dir - move target cursor, f/p - orc warrior
Aim: an orc warrior, wielding a +1 morningstar of draining and wearing a +0 You hit the orc warrior but do no damage.
The orc warrior is almost dead.
The orc warrior hits you with a +1 morningstar of draining!!
* * * LOW HITPOINT WARNING * * *
You feel drained.
You die...

.( . .#. .. ..
#.#.### .....# )...
#.###)####.##
#.....oo....#
#.###@####..# #.# #
#.# # .######.# #
.......).####..#
#.#######......# #.
#.#######.####.# #
#.##..............#
#.
#.#..#...###.######


You could see an orc warrior and an orc priest.

Vanquished Creatures
  Grinder (D:4)
  Sigmund (D:5)
  An ice beast (D:6)
  An ogre (D:6)
  2 bullfrogs (D:6)
  A scorpion (D:4)
  2 howler monkeys (D:5)
  3 crimson imps
  A bullfrog zombie (D:6)
  A jelly (D:5)
  2 hounds
  3 orc wizards
  2 bullfrog skeletons (D:5)
  3 worker ants (D:4)
  2 hound skeletons
  5 gnolls
  5 adders
  2 oozes
  An adder skeleton (D:6)
  3 worms
  4 dart slugs
  3 leopard geckos
  14 orcs
  2 ball pythons
  6 giant cockroaches
  9 goblins
  3 hobgoblins
  9 jackals
  7 kobolds
  4 quokkas
  6 bats
  3 frilled lizards
  2 quokka skeletons
  A quokka zombie (D:5)
  8 rats
123 creatures vanquished.

Vanquished Creatures (collateral kills)
  Eustachio (D:4)
  A necrophage (D:5)
  An ogre (D:5)
  A howler monkey (D:6)
  A worker ant (D:3)
  An adder skeleton (D:6)
  An orc (D:6)
7 creatures vanquished.

Vanquished Creatures (others)
  5 dream sheep (D:4)
5 creatures vanquished.

Grand Total: 135 creatures vanquished

Notes
Turn   | Place    | Note
-------+----------+-------------------------------------------
     0 | D:1      | Blackhawk the Demonspawn Fighter began the quest for the
                  | Orb.
     0 | D:1      | Reached XP level 1. HP: 18/18 MP: 1/1
    51 | D:1      | Gained mutation: When hurt, damage is shared between your
                  | health and your magic reserves. [demonic ancestry]
    51 | D:1      | Reached XP level 2. HP: 18/24 MP: 2/2
   283 | D:1      | Gained mutation: A weak demonic guardian rushes to your
                  | aid. [demonic ancestry]
   283 | D:1      | Reached XP level 3. HP: 29/29 MP: 3/3
  1216 | D:2      | Found an opulent altar of Gozag.
  1326 | D:2      | Gained mutation: You have sharp toenails. [demonic
                  | ancestry]
  1326 | D:2      | Reached XP level 4. HP: 35/35 MP: 4/4
  2098 | D:3      | Reached XP level 5. HP: 36/42 MP: 5/5
  2396 | D:4      | Reached skill level 1 in Dodging
  2637 | D:4      | Reached XP level 6. HP: 48/48 MP: 6/6
  2955 | D:4      | Noticed a dream sheep
  2955 | D:4      | Noticed a dream sheep
  2955 | D:4      | Noticed a dream sheep
  2955 | D:4      | Noticed a dream sheep
  2955 | D:4      | Noticed a dream sheep
  2955 | D:4      | Found a shimmering altar of Xom.
  2960 | D:4      | Killed a dream sheep
  2960 | D:4      | Killed a dream sheep
  2960 | D:4      | Killed a dream sheep
  2961 | D:4      | Killed a dream sheep
  2961 | D:4      | Killed a dream sheep
  3132 | D:4      | Noticed Grinder
  3132 | D:4      | Noticed Eustachio
  3137 | D:4      | Paralysed by Grinder for 7 turns
  3152 | D:4      | Killed Eustachio
  3160 | D:4      | Killed Grinder
  3160 | D:4      | Gained mutation: You regenerate magic rapidly. [demonic
                  | ancestry]
  3160 | D:4      | Reached XP level 7. HP: 49/55 MP: 7/7
  3319 | D:5      | Entered Level 5 of the Dungeon
  3726 | D:5      | Noticed Sigmund
  3748 | D:5      | Killed Sigmund
  3748 | D:5      | Reached skill level 5 in Fighting
  3861 | D:5      | Gained mutation: Your flesh is cold resistant. (rC+)
                  | [demonic ancestry]
  3861 | D:5      | Reached XP level 8. HP: 53/62 MP: 8/8
  4345 | D:5      | Got a slimy spear
  4580 | D:6      | Identified the +8 spear "Hurghiets" {pierce, rF- MR+ Int+2}
                  | (You found it on level 5 of the Dungeon)
  4603 | D:6      | Reached skill level 5 in Armour
  4603 | D:6      | Reached skill level 5 in Shields
  4750 | D:6      | Found a staircase to the Ecumenical Temple.
  4766 | Temple   | Entered the Ecumenical Temple
  4858 | Temple   | Became a worshipper of Warmaster Okawaru
  4942 | D:6      | Slain by an orc warrior

Vault maps used:
D:1:      lordsloth_arrival_two_stooges, minmay_tetromino_l4
D:2:      grunt_gozag_breadcrumbs, first_ration, chequers_serial_rivers_micro_a
D:3:      hangedman_abyss_or_decor_stabs
D:4:      kb_xom_exploding_sheep, uniq_eustachio, uniq_grinder
D:5:      uniq_sigmund
D:6:      minmay_temple_entry_slanted
Temple:   grunt_wide_crystal_templ

Skill      XL: |  1  2  3  4  5  6  7  8 |
---------------+-------------------------+-----
Axes           | 2 3 4 |  4.8
Shields        | 3 4 5 |  5.2
Armour         | 3 4 5 |  5.2
Dodging        | 1 2 3 |  3.7
Fighting       | 4 5 |  5.8
Polearms       | |  0.6

Action                   |  1- 3 |  4- 6 |  7- 9 || total
-------------------------+-------+-------+-------++-------
Melee: War axe           |   103 |   149 |       ||   252
       Kick              |       |    29 |       ||    29
       Hand axe          |       |    25 |   226 ||   251
       Spear             |       |       |    64 ||    64
  Use: Scroll            |       |       |     2 ||     2
 Stab: Distracted        |       |       |     1 ||     1
  Eat: Chunk             |     1 |     7 |     6 ||    14
Armor: Scale mail        |    44 |       |       ||    44
       Plate armour      |       |   131 |   150 ||   281
Dodge: Dodged            |    29 |    23 |    30 ||    82
Block: Shield            |    38 |    88 |    88 ||   214

Table legend:
 A = Non-vault XP
 B = Vault XP
 C = Vault XP percentage of total XP
 D = Non-vault monster count
 E = Vault monster count
 F = Vault count percentage of total count
                 A         B        C        D         E       F
            +---------+---------+-------+---------+---------+-------
      Total |    1770 |     535 |  23.2 |     124 |       6 |   4.6
            +---------+---------+-------+---------+---------+-------
        D:1 |      46 |       8 |  14.8 |      13 |       3 |  18.8
        D:2 |      56 |       0 |   0.0 |      23 |       0 |   0.0
        D:3 |     104 |       0 |   0.0 |      23 |       0 |   0.0
        D:4 |     336 |     325 |  49.2 |      24 |       2 |   7.7
        D:5 |     641 |     202 |  24.0 |      25 |       1 |   3.8
        D:6 |     587 |       0 |   0.0 |      16 |       0 |   0.0
            +---------+---------+-------+---------+---------+-------
